 Dungeon Crawl Stone Soup version 0.21-a0-531-gacddea6 (webtiles) character file.

880 mortelune the Destroyer (level 7, -2/36 HPs)
             Began as a Deep Elf Conjurer on Dec 14, 2017.
             Was an Initiate of Vehumet.
             Slain by a slave (6 damage)
             ... led by Pikel
             ... on level 4 of the Dungeon.
             The game lasted 00:14:27 (5309 turns).

mortelune the Destroyer (Deep Elf Conjurer)         Turns: 5309, Time: 00:14:28

Health: -2/36      AC:  2    Str:  6    XL:     7   Next: 75%
Magic:  2/18       EV: 14    Int: 21    God:    Vehumet [......]
Gold:   135        SH:  0    Dex: 15    Spells: 8/18 levels left

rFire    . . .     SeeInvis .   x - +1 trident (venom)
rCold    . . .     Gourm    .   (no shield)
rNeg     . . .     Faith    .   a - +0 robe
rPois    .         Spirit   .   (no helmet)
rElec    .         Reflect  .   (no cloak)
rCorr    .         Harm     .   (no gloves)
MR       .....                  (no boots)
Stlth    ++........             (no amulet)
HPRegen  0.12/turn              (no ring)
MPRegen  0.16/turn              (no ring)

@: no status effects
A: no striking features
a: Renounce Religion


You were on level 4 of the Dungeon.
You worshipped Vehumet.
Vehumet was noncommittal.
You were hungry.

You visited 1 branch of the dungeon, and saw 5 of its levels.

You collected 135 gold pieces.

Inventory:

Hand Weapons
 e - a +2 short sword of speed
 r - a +1 mace of holy wrath
 x - a +1 trident of venom (weapon)
Missiles
 y - 2 throwing nets (quivered)
Armour
 a - a +0 robe (worn)
Scrolls
 d - a scroll of enchant armour {unknown}
 f - a scroll of fog {unknown}
 i - a scroll of remove curse
 m - a scroll of fear {unknown}
 n - 3 scrolls of blinking
 o - a scroll of teleportation {unknown}
 p - a scroll of enchant weapon {unknown}
 q - a scroll of amnesia {unknown}
 v - a scroll of identify
Potions
 h - 3 potions of berserk rage
 j - a potion of curing
 k - a potion of magic {unknown}
 l - a potion of agility {unknown}
 t - 3 potions of lignification
 u - a potion of haste {unknown}
 w - a potion of mutation {unknown}
Books
 b - a book of Conjurations

   Spells                             Type                      Level
   a - Magic Dart                     Conjuration                  1
   b - Searing Ray                    Conjuration                  2
   c - Dazzling Spray                 Conjuration/Hexes            3
   d - Fulminant Prism                Conjuration/Hexes            4
   e - Force Lance                    Conjuration/Translocation    4
   f - Iskenderun's Mystic Blast      Conjuration                  4
Comestibles
 c - 5 bread rations
 g - 4 meat rations
 s - 3 fruits


   Skills:
 + Level 3.9 Dodging
 - Level 2.4 Stealth
 + Level 6.3 Spellcasting
 * Level 8.0 Conjurations
 + Level 4.8 Hexes


You had 8 spell levels left.
You knew the following spells:

 Your Spells              Type           Power        Failure   Level  Hunger
a - Magic Dart            Conj           ####         1%          1    None
b - Searing Ray           Conj           #####.       1%          2    None
c - Dazzling Spray        Conj/Hex       ####..       1%          3    #......
d - Iskenderun's Mystic   Conj           #####...     3%          4    ###....


Dungeon Overview and Level Annotations

Branches:
Dungeon (5/15)             Temple (0/1) D:5

Altars:
Cheibriados
Sif Muna
Vehumet
The Shining One

Annotations:
D:4 Pikel


Message History

The slave closely misses you. Pikel misses you. The slave barely misses you.
You closely miss Pikel.
Pikel is severely wounded.
Pikel barely misses you. The slave hits you!
You hit Pikel but do no damage.
Pikel is poisoned.
Pikel is severely wounded.
Pikel smiles. "I know this place well.
And it is filled with the corpses of daring fools like you!
Won't you join me?" Pikel hits you with a whip of flaming! Pikel burns you.
The slave hits you. Pikel hits you with a whip of flaming!
* * * LOW HITPOINT WARNING * * *
Pikel burns you.
* * * LOW HITPOINT WARNING * * *
Pikel is no longer blind.
The slave barely misses you.
There is a stone staircase leading up here.
The slave misses you. Pikel hits you but does no damage.
You climb upwards.
There is a stone staircase leading down here.
The slave hits you.
You die...

##### ##.....##
#...###.......##
#<..##.........#
#...##.........#
#...##.........#
#...##.........#
#...##.........#
#...###.......##
##...##...@.....# ########
#....##..K>p....####.......
##....##..............######
#................######
##..#####.........#########
#..## #........##.......#
####.####
#.#......##.......#
#.......#
##.######.##.......#
#.......###..## #..........#


You could see Pikel and a slave.

Vanquished Creatures
  Grinder (D:3)
  2 ogres
  A centaur (D:5)
  2 scorpions (D:4)
  A hound (D:5)
  An orc priest (D:4)
  A jelly (D:4)
  A centaur skeleton (D:4)
  2 worker ants
  6 adders
  2 oozes
  2 worms (D:4)
  A dart slug (D:3)
  6 leopard geckos
  5 orcs (D:4)
  2 giant cockroaches
  10 goblins
  6 hobgoblins
  12 jackals
  6 quokkas
  A ball python (D:1)
  6 bats
  8 frilled lizards
  9 kobolds
  A quokka skeleton (D:4)
  4 rats
99 creatures vanquished.

Notes
Turn   | Place    | Note
-------+----------+-------------------------------------------
     0 | D:1      | mortelune the Deep Elf Conjurer began the quest for the Orb.
     0 | D:1      | Reached XP level 1. HP: 10/10 MP: 6/6
   244 | D:1      | Reached XP level 2. HP: 15/15 MP: 5/8
   335 | D:1      | Learned a level 2 spell: Searing Ray
   382 | D:1      | Reached skill level 5 in Conjurations
  1003 | D:2      | Reached XP level 3. HP: 14/19 MP: 7/10
  1084 | D:2      | Learned a level 3 spell: Dazzling Spray
  1159 | D:2      | Found a snail-covered altar of Cheibriados.
  1555 | D:2      | Reached skill level 1 in Hexes
  1599 | D:2      | Reached XP level 4. HP: 24/24 MP: 8/12
  1981 | D:3      | Learned a level 4 spell: Iskenderun's Mystic Blast
  2291 | D:3      | Found a radiant altar of Vehumet.
  2305 | D:3      | Became a worshipper of Vehumet
  2411 | D:3      | Noticed Grinder
  2413 | D:3      | Paralysed by Grinder for 4 turns
  2422 | D:3      | Killed Grinder
  2422 | D:3      | Reached skill level 5 in Spellcasting
  2422 | D:3      | Reached skill level 6 in Conjurations
  2422 | D:3      | Reached XP level 5. HP: 15/28 MP: 4/14
  2422 | D:3      | Reached XP level 6. HP: 17/32 MP: 4/15
  3464 | D:4      | Reached skill level 7 in Conjurations
  3787 | D:4      | Reached XP level 7. HP: 36/36 MP: 4/17
  4616 | D:4      | Found a glowing golden altar of the Shining One.
  4751 | D:4      | Found a deep blue altar of Sif Muna.
  4801 | D:5      | Entered Level 5 of the Dungeon
  5025 | D:5      | Found a staircase to the Ecumenical Temple.
  5030 | D:5      | Reached skill level 8 in Conjurations
  5219 | D:5      | Noticed Pikel
  5309 | D:4      | Slain by a slave

Vault maps used:
D:1:      minmay_arrival_checkered_box, st_stairs_7, minmay_misc_feat_diagonals,
          minmay_hexomino_c4
D:2:      lemuel_crystal_altar
D:3:      vehumet_crystals, uniq_grinder
D:4:      tso_altar, lemuel_blue_sif_altar, first_bread
D:5:      minmay_temple_entry_mist, st_stairs_5, uniq_pikel

Skill      XL: |  1  2  3  4  5  6  7 |
---------------+----------------------+-----
Conjurations   | 5 6 7 8 |  8.0
Spellcasting   | 4 5 6 |  6.3
Hexes          | 1 3 4 |  4.8
Dodging        | 3 |  3.9
Stealth        | |  2.4

Action                   |  1- 3 |  4- 6 |  7- 9 || total
-------------------------+-------+-------+-------++-------
Melee: Trident           |       |       |     3 ||     3
 Cast: Magic Dart        |    57 |    63 |    41 ||   161
       Searing Ray       |     6 |     6 |     3 ||    15
       Dazzling Spray    |     1 |     6 |    15 ||    22
       Iskenderun's Myst |       |       |     8 ||     8
  Use: Scroll            |     1 |     4 |       ||     5
  Eat: Chunk             |     2 |     6 |     6 ||    14
Armor: Robe              |       |       |     2 ||     2
Dodge: Dodged            |     6 |     9 |    17 ||    32

Table legend:
 A = Spawn XP
 B = Non-spawn XP
 C = Spawn XP percentage of total XP
 D = Spawn monster count
 E = Non-spawn monster count
 F = Spawn count percentage of total count
 G = Total turns spent on level
                    A         B        C        D         E        F      G
               +---------+---------+-------+---------+---------+-------+---------
         Total |       0 |    1258 |   0.0 |       0 |      99 |   0.0 |  5309
               +---------+---------+-------+---------+---------+-------+---------
           D:1 |       0 |      40 |   0.0 |       0 |      24 |   0.0 |  1001
           D:2 |       0 |      62 |   0.0 |       0 |      21 |   0.0 |   962
           D:3 |       0 |     349 |   0.0 |       0 |      20 |   0.0 |  1371
           D:4 |       0 |     491 |   0.0 |       0 |      26 |   0.0 |  1468
           D:5 |       0 |     316 |   0.0 |       0 |       8 |   0.0 |   507
               +---------+---------+-------+---------+---------+-------+---------
